 Dungeon Crawl Stone Soup version 0.31-a0-746-ge8284cb111 (webtiles) character file.

Game seed: 4201918340467240297

39 CrazyBamboolord the Changeling (level 3, 0/39 HPs)
             Began as a Demonspawn Shapeshifter on Sept 14, 2023.
             Slain by a gnoll
             ... wielding a +0 flail
              (3 damage)
             ... on level 2 of the Dungeon.
             The game lasted 00:01:31 (1018 turns).

CrazyBamboolord the Changeling (DsSh)               Turns: 1018, Time: 00:01:31

Health: 0/39       AC: 21    Str: 16    XL:     3   Next: 28%
Magic:  3/3        EV:  2    Int: 11    God:
Gold:   67         SH:  0    Dex: 12    Spells: 2/2 levels left

rFire   . .          .
                       - Unarmed
rCold   . . .        (no shield)
rNeg    . . .        a - melded +0 animal skin
rPois   +            (helmet currently unavailable)
rElec   .            (cloak currently unavailable)
rCorr   .            (gloves currently unavailable)
SInv    .            (boots currently unavailable)
Will    .....        (no amulet)
Stlth   +            (no ring)
HPRegen 1.26/turn    (no ring)
MPRegen 0.08/turn

%: no passive effects
@: tree-form
A: stationary, stasis, torment immunity, boosted hp, (claws 1), powered by death
1
a: no special abilities


You were on level 2 of the Dungeon.
You were a tree.
You visited 1 branch of the dungeon, and saw 2 of its levels.

You collected 67 gold pieces.

Inventory:

Armour
 a - a +0 animal skin (melded)
Talismans
 c - a beast talisman
 d - a flux talisman
Scrolls
 e - a scroll of vulnerability {unknown}
 f - a scroll of identify {unknown}
 g - a scroll of noise {unknown}
 h - a scroll of enchant armour {unknown}


   Skills:
 - Level 1.0 Fighting
 - Level 1.7 Dodging
 - Level 2.6 Unarmed Combat
 + Level 3.8 Shapeshifting


You had 2 spell levels left.
You didn't know any spells.
Your spell library contained the following spells:

 Spells                   Type           Power      Damage    Failure   Level
 Sublimation of Blood     Necr           0%         N/A       47%         2
 Petrify                  Tmut/Erth      0%         N/A       98%         4
 Irradiate                Conj/Tmut      0%         3d11      100%        5


Dungeon Overview and Level Annotations

Branches:
Dungeon (2/15)

Altars:


Innate Abilities, Weirdness & Mutations

You are a tree.
Your roots penetrate the ground, keeping you stationary.
You cannot be teleported.
You are immune to unholy pain and torment.
Your maximum health is greatly increased.
Your equipment is partially melded.
((You have sharp fingernails.))
You regenerate a little health from kills.


Message History

3 gnolls come into view.
The gnoll shouts! x2; You hear a shout!
A quokka comes into view.
Found a ring mail and a bone wand.
The gnoll shouts!
A goblin comes into view. It is wielding a +0 dagger.
There is an open door here.
There are monsters nearby!
The gnoll hits you with a +0 spear! The gnoll closely misses you.
There are monsters nearby!
You barely miss the gnoll. The gnoll hits you with a +0 spear.
The gnoll hits you with a +0 club. The quokka barely misses you.
There are monsters nearby!
You are too injured to fight recklessly!
Unknown command.
The gnoll hits you from afar with a +0 spear.
The gnoll attacks as it pursues you! The gnoll closely misses you.
The quokka barely misses you.
There is an open door here.
The gnoll attacks as it pursues you! The gnoll completely misses you.
The quokka attacks as it pursues you! The quokka bites you.
* * * LOW HITPOINT WARNING * * *
There is an open door here.
The quokka attacks as it pursues you! The quokka misses you.
You barely miss the quokka. The quokka bites you.
* * * LOW HITPOINT WARNING * * *
You claw the quokka!
You kill the quokka!
Okay, then.
You closely miss the gnoll.
The gnoll closely misses you. x2; The gnoll hits you with a +0 spear!
* * * LOW HITPOINT WARNING * * *
There is an open door here.
You see here a quokka corpse.
Unknown command.
Your transformation has ended.
You turn into a tree.
Your +0 animal skin melds into your body.
Your roots penetrate the ground.
The gnoll hits you with a +0 flail.
You die...

#.### . #......# P..
..##......##### #.#
#....../...... .. #
#..[.......... #.#.#
#............. ....#
#.............
#.###.#
######g#......
....#.## #gg# .....
.......#
####♣##......
..#....#
#...g........
###....#
#.......####.
.##....# ##.......#
.##....### #........#
.##......###........#
....##+#.>..........#
#.........###.......#
#.........# #########


You could see 3 gnolls and a goblin.

Vanquished Creatures
  An adder (D:2)
  3 bats (D:1)
  4 endoplasms
  2 giant cockroaches
  4 goblins
  2 hobgoblins (D:1)
  2 jackals (D:2)
  3 kobolds (D:1)
  A quokka (D:2)
  A ball python (D:2)
  3 rats
26 creatures vanquished.

Notes
Turn   | Place    | Note
-------+----------+-------------------------------------------
     0 | D:1      | CrazyBamboolord the Demonspawn Shapeshifter began the quest
                  | for the Orb.
     0 | D:1      | Reached XP level 1. HP: 15/15 MP: 1/1
    91 | D:1      | Reached skill level 3 in Shapeshifting
   215 | D:1      | Discovered your monstrous ancestry.
   215 | D:1      | Gained mutation: You have sharp fingernails. [demonic
                  | ancestry]
   215 | D:1      | Reached XP level 2. HP: 21/21 MP: 2/2
   941 | D:2      | Gained mutation: You regenerate a little health from kills.
                  | [demonic ancestry]
   941 | D:2      | Reached XP level 3. HP: 21/26 MP: 3/3
  1017 | D:2      | HP: 1/26 [gnoll/+0 spear (7)]
  1018 | D:2      | Slain by a gnoll

Illustrated notes

Levels and vault maps discovered:
D:1:      ebering_hopf_link, layout_basic
D:2:      layout_basic, shapermc_ecumenical_altar_mp_urbaneastern

Skill      XL: |  1 |
---------------+----+-----
Shapeshifting  | 3 |  3.8
Fighting       | |  1.0
Dodging        | |  1.7
Unarmed Combat | |  2.6

Action                     || total
---------------------------++-------
  Melee: Unarmed           ||    78
         Punch             ||     1
    Use: Potion            ||     1
   Stab: Sleeping          ||     2
 Armour: Animal skin       ||    38
         Skin              ||     1
  Dodge: Dodged            ||    43

Table legend: (Time is in decaauts)
 A = Elapsed time spent in this place.
 B = Non-inter-level travel time spent in this place.
 C = Inter-level travel time spent in this place.
 D = Time resting spent in this place.
 E = Time spent auto-exploring this place.
 F = Levels seen in this place.
 G = Mean time per level.
                   A        B        C        D        E       F      G
               +--------+--------+--------+--------+--------+-----+--------+
         Total |   1013 |    971 |     42 |      0 |    792 |   2 |  506.5 |
       Dungeon |   1013 |    971 |     42 |      0 |    792 |   2 |  506.5 |
               +--------+--------+--------+--------+--------+-----+--------+

Top non-repeatable levels by time:
     D:1: 851 daAuts
     D:2: 161 daAuts
